 Dungeon Crawl Stone Soup version 0.29.1-12-g30fa7ad0bf (webtiles) character file.

Game seed: 15762923984060076880

5690 Labrat the Destroyer (level 10, -3/81 HPs)
             Began as a Demigod Conjurer on Dec 22, 2022.
             Slain by a yak (5 damage)
             ... on level 8 of the Dungeon.
             The game lasted 00:31:42 (12325 turns).

Labrat the Destroyer (Demigod Conjurer)            Turns: 12325, Time: 00:31:42

Health: -3/81      AC: 10    Str:  8    XL:     10   Next: 24%
Magic:  1/26       EV: 14    Int: 32    God:
Gold:   657        SH: 10    Dex: 12    Spells: 18/25 levels left

rFire   . . .      SeeInvis .   j - +7 Throatcutter {drain, coup de grace}
rCold   . . .      Faith    .   a - +2 kite shield
rNeg    . . .      Spirit   .   L - +0 steam dragon scales
rPois   .          Reflect  .   h - +0 helmet
rElec   .          Harm     .   (no cloak)
rCorr   .          Rampage  .   (no gloves)
Will    +....                   (no boots)
Stlth   ++........              (no amulet)
HPRegen 0.23/turn               i - +4 ring of evasion
MPRegen 0.20/turn               B - +4 ring of protection

@: lethally poisoned (-3 -> -6), very slightly contaminated
A: high MP 1, forlorn, divine attributes
a: no special abilities


You were on level 8 of the Dungeon.
You visited 3 branches of the dungeon, and saw 11 of its levels.
You also visited: Sewer.

You collected 657 gold pieces.

Inventory:

Hand Weapons
 j - the +7 Throatcutter (weapon) {drain, coup de grace}
   (You took it off Terence on level 2 of the Dungeon)

   A truly terrible weapon, it drains the life of any living foe it strikes.
   It may instantly kill foes which have little health.
Missiles
 p - 17 poisoned darts
 y - a throwing net
Armour
 a - a +2 kite shield (worn)
 h - a +0 helmet (worn)
 u - +0 acid dragon scales
 K - a +2 robe of fire resistance
 L - +0 steam dragon scales (worn)
Jewellery
 i - a +4 ring of evasion (left hand)
 B - a +4 ring of protection (right hand)
 E - a +6 ring of intelligence
Wands
 e - a wand of roots (9)
 x - a wand of polymorph (8)
 G - a wand of charming (9)
Scrolls
 c - 8 scrolls of vulnerability
 f - a scroll of enchant weapon
 m - 3 scrolls of fear
 n - 3 scrolls of summoning
 o - 3 scrolls of enchant armour
 q - 7 scrolls of teleportation
 t - 2 scrolls of poison
 w - a scroll of acquirement
 z - 2 scrolls of amnesia {unknown}
 A - a scroll of blinking {unknown}
 D - a scroll of silence {unknown}
 F - 2 scrolls of magic mapping {unknown}
 I - a scroll of butterflies {unknown}
 J - a scroll of immolation {unknown}
 N - a scroll of brand weapon {unknown}
Potions
 b - 2 potions of magic
 d - 4 potions of lignification {unknown}
 g - 8 potions of curing
 k - a potion of mutation {unknown}
 l - 3 potions of flight {unknown}
 r - 2 potions of haste {unknown}
 s - 2 potions of might {unknown}
 v - 4 potions of heal wounds {unknown}
 C - 2 potions of degeneration {unknown}
 H - 2 potions of berserk rage {unknown}
 M - a potion of resistance {unknown}
 O - a potion of invisibility {unknown}


   Skills:
 - Level 5.0 Fighting
 - Level 1.7 Dodging
 - Level 1.7 Stealth
 - Level 3.0 Shields
 + Level 8.4 Spellcasting
 + Level 8.5 Conjurations
 + Level 2.5 Translocations
 - Level 5.0 Evocations


You had 18 spell levels left.
You knew the following spells:

 Your Spells              Type           Power      Damage    Failure   Level
a - Magic Dart            Conj           100%       1d8       1%          1
b - Searing Ray           Conj           100%       2d8       1%          2
c - Iskenderun's Mystic   Conj/Tloc      48%        2d11      12%         4

Your spell library contained the following spells:

 Spells                   Type           Power      Damage    Failure   Level
 Static Discharge         Conj/Air       40%        3-8/arc   3%          2
 Dazzling Flash           Conj/Hex       80%        N/A       6%          3
 Slow                     Hex            52%        N/A       11%         1
 Sublimation of Blood     Necr           13%        N/A       17%         2
 Fulminant Prism          Conj/Hex       20%        3d13      19%         4
 Confusing Touch          Hex            13%        N/A       32%         3
 Vampiric Draining        Necr           13%        2d6       32%         3
 Irradiate                Conj/Tmut      20%        3d18      47%         5
 Lightning Bolt           Conj/Air       20%        1d35      47%         5
 Cause Fear               Hex            6%         N/A       73%         4
 Petrify                  Tmut/Erth      13%        N/A       73%         4
 Starburst                Conj/Fire      20%        6d7       96%         6
 Dragon Form              Tmut           6%         N/A       100%        7
 Maxwell's Capacitive Co  Air            6%         ∞         100%        8
 Dragon's Call            Summ           6%         N/A       100%        9


Dungeon Overview and Level Annotations

Branches:
Dungeon (9/15)             Temple (1/1) D:7            Lair (1/5) D:8
  Sewer (visited)
    Orc: D:9-12

Shops:
D:3 !?*(:   D:8 !

Annotations:
D:7 2 transporters, Eitelfritz's ghost, novice MiGl
D:8 exclusion: two-headed ogre
D:9 Amaemon


Innate Abilities, Weirdness & Mutations

You have an increased reservoir of magic. (+10% MP)
You shall have no god before yourself.
Your divine heritage dramatically boosts your attributes as you level up.


Message History

You block the black mamba's attack. The black mamba bites you.
You are poisoned.
The black mamba poisons you! The yak gores you! You block the yak's attack.
You slash the yak!
The yak is almost dead.
You feel very sick. You block the black mamba's attack. The yak misses you.
The black mamba bites you.
* * * LOW HITPOINT WARNING * * *
The yak closely misses you. You block the yak's attack.
The yak gores you but does no damage. The black mamba closely misses you.
The yak gores you.
* * * LOW HITPOINT WARNING * * *
You block the yak's attack.
Unknown command.
You hit the yak. You drain the yak.
You kill the yak!
* * * LOW HITPOINT WARNING * * *
You feel very sick. The black mamba barely misses you.
You block the black mamba's attack. The yak gores you.
* * * LOW HITPOINT WARNING * * *
The yak closely misses you. The black mamba completely misses you.
The yak misses you.
Unknown command.
* * * LOW HITPOINT WARNING * * *
You feel sick. The black mamba closely misses you. You block the yak's attack.
The black mamba completely misses you. The yak closely misses you.
Unknown command.
The yak attacks as you move away! The yak gores you.
* * * LOW HITPOINT WARNING * * *
x2 You feel sick.
You block the black mamba's attack. You block the yak's attack.
The black mamba closely misses you.
You see here a +0 sling.
Unknown command.
You barely miss the yak.
The yak is moderately wounded.
* * * LOW HITPOINT WARNING * * *
You feel sick. The black mamba misses you. The yak gores you.
You die...

#......#.......#.....#........#..
+......#.......#.....#........#..
#......+.......#.....#........#..
#......#)#############'########..
####.......................[.[...
...'.............................
...#.............................
...#...........S.................
#..#..........>Y@................
#..####........Y..#############..
#.....#...........#...#.......'..
#.....#...........#...'.......#..
#.....#...........#...#.......#..
#.....#...........#...###.....#..
###...#....^......#...#########..
..###########.....#....# ### ..#
#.....#....# #.


You could see a black mamba and 2 yaks.

Vanquished Creatures
  Grinder (D:6)
  Sigmund (D:3)
  2 vampires
  4 yaks
  A steam dragon (D:8)
  An acid dragon (D:9)
  2 water moccasins
  A black bear (D:6)
  3 ice beasts
  2 orc warriors (D:6)
  A sky beast (D:7)
  2 ogres
  8 centaurs
  3 phantoms
  Blork the orc (D:7)
  A gnoll sergeant (D:7)
  4 bullfrogs
  A necrophage (D:5)
  5 scorpions
  11 wights
  4 killer bees (D:8)
  2 howler monkeys
  4 hounds
  A jelly (D:5)
  4 orc priests
  Terence (D:2)
  Jessica (D:2)
  An iguana (D:5)
  5 orc wizards
  Robin (D:1)
  10 adders
  A shadow imp (D:6)
  An ufetubus (D:4)
  4 worms
  6 dart slugs
  30 orcs
  8 endoplasms
  A giant cockroach (D:1)
  8 goblins
  7 hobgoblins (D:2)
  12 jackals
  7 quokkas
  13 ball pythons
  8 bats
  10 kobolds
  7 rats
212 creatures vanquished.

Vanquished Creatures (others)
  36 plants (D:5)
36 creatures vanquished.

Grand Total: 248 creatures vanquished

Notes
Turn   | Place    | Note
-------+----------+-------------------------------------------
     0 | D:1      | Labrat the Demigod Conjurer began the quest for the Orb.
     0 | D:1      | Reached XP level 1. HP: 14/14 MP: 5/5
   496 | D:1      | Reached XP level 2. HP: 20/20 MP: 3/7
  1573 | D:1      | Learned a level 2 spell: Searing Ray
  1616 | D:2      | Reached XP level 3. HP: 15/26 MP: 1/9
  2073 | D:2      | Noticed Robin
  2104 | D:1      | Killed Robin
  2507 | D:2      | Reached XP level 4. HP: 33/33 MP: 8/11
  2828 | D:2      | Noticed Terence
  2837 | D:2      | Killed Terence
  2970 | D:2      | Noticed Jessica
  2973 | D:2      | Killed Jessica
  3130 | D:2      | Reached XP level 5. HP: 29/38 MP: 10/13
  3246 | D:2      | Reached skill level 5 in Conjurations
  3658 | D:3      | Found Icur's General Store.
  3698 | D:3      | Found Xouluel's Distillery.
  3698 | D:3      | Noticed Sigmund
  3946 | D:3      | Found Lezomn's Weapon Boutique.
  3950 | D:3      | Found Cauteang's Magic Scroll Boutique.
  4003 | D:3      | Found Otuxif's Book Emporium.
  4705 | D:3      | Killed Sigmund
  4706 | D:3      | Reached XP level 6. HP: 41/45 MP: 8/15
  4930 | D:4      | Found a glowing drain.
  4942 | Sewer    | Entered a sewer
  5050 | Sewer    | Noticed a water moccasin
  5058 | Sewer    | Killed a water moccasin
  5059 | Sewer    | Reached skill level 5 in Spellcasting
  5059 | Sewer    | Reached XP level 7. HP: 36/50 MP: 9/18
  6004 | D:4      | Identified a scroll of acquirement
  6030 | D:5      | Entered Level 5 of the Dungeon
  6940 | D:6      | Reached XP level 8. HP: 56/57 MP: 17/20
  7838 | D:6      | Noticed Grinder
  7847 | D:6      | Killed Grinder
  8892 | D:7      | Found a transporter.
  8920 | D:7      | Noticed Eitelfritz's ghost (novice MiGl)
  8936 | D:7      | Reached skill level 1 in Fighting
  8936 | D:7      | Reached skill level 1 in Evocations
  8996 | D:7      | Noticed a komodo dragon
  9094 | D:7      | Reached XP level 9. HP: 67/67 MP: 19/25
  9489 | D:7      | Found a transporter.
  9527 | D:7      | Noticed Blork the orc
  9667 | D:7      | Learned a level 4 spell: Iskenderun's Mystic Blast
  9702 | D:7      | Killed Blork the orc
  9809 | D:7      | Found a staircase to the Ecumenical Temple.
 10054 | D:7      | Noticed a moth of wrath
 10102 | Temple   | Entered the Ecumenical Temple
 10271 | D:8      | Reached skill level 1 in Shields
 10889 | D:8      | Noticed a two-headed ogre
 10909 | D:8      | Found Kuehops's Distillery.
 10942 | D:8      | Found a staircase to the Lair.
 11811 | D:9      | Noticed Amaemon
 11879 | D:9      | Reached skill level 5 in Fighting
 11879 | D:9      | Reached skill level 5 in Evocations
 11901 | D:9      | Reached XP level 10. HP: 81/81 MP: 14/26
 11918 | D:9      | Reached skill level 1 in Translocations
 12231 | D:9      | Noticed a tengu warrior
 12291 | Lair:1   | Entered Level 1 of the Lair of Beasts
 12295 | Lair:1   | Noticed a black mamba
 12324 | D:8      | HP: 3/81 [poisoned by a black mamba]
 12325 | D:8      | Slain by a yak

Illustrated notes

Levels and vault maps discovered:
D:1:      dpeg_arrival_round_a, layout_loops_corners,
          nicolae_ecumenical_lake_church
D:2:      layout_loops_cross, corexii_hall_statues_deadend,
          minmay_snake_closets, uniq_robin, uniq_terence, uniq_jessica
D:3:      layout_rooms, serial_shops, shop_fountains, nicolae_diamond_shop,
          nicolae_shop_hallway_stairs, shop_coins, shop, chequers_avenue,
          kennysheep_cluttered_room, minmay_misc_feat_enclosed, minivault_26,
          dk_noncrumbling_2, minivault_26, minmay_vboxes, uniq_sigmund
D:4:      layout_rooms, cheibrodos_sewer_entry_bend, kennysheep_orc_chapel
D:5:      layout_rooms, serial_glass, glass_columns_b, glass_columns_a,
          serial_bayou_lagoon_a
D:6:      layout_layer_cave, uniq_grinder
D:7:      layout_basic, chequers_temple_overflow_statue_of_worship,
          fedhas_bush_and_centaur_altar, minmay_temple_entry_overgrown,
          gammafunk_ghost_berserking_beasts, sword_in_stone
D:8:      layout_gridville, lair_entry_dummy, serial_shops,
          nicolae_inconvenience_store
D:9:      minmay_the_grid_triangle_9x9_rhombus_thin_mashed
          [minmay_the_grid_triangle_9x9_odd_lines,
          minmay_the_grid_triangle_9x9_prize_schism,
          minmay_the_grid_triangle_9x9_wacky_v,
          minmay_the_grid_triangle_9x9_empty], layout_loops_ring,
          nicolae_titane, uniq_amaemon
Temple:   nicolae_temple_bog_church
Lair:1:   layout_regular_city, gauntlet_entry_generic, grunt_megastairs_4,
          uniq_joseph, uniq_maggie

Skill      XL: |  1  2  3  4  5  6  7  8  9 10 |
---------------+-------------------------------+-----
Spellcasting   | 2 3 4 5 6 8 |  8.4
Conjurations   | 4 5 6 7 8 |  8.5
Fighting       | 1 5 |  5.0
Evocations     | 1 5 |  5.0
Shields        | 3 |  3.0
Translocations | 2 |  2.5
Dodging        | |  1.7
Stealth        | |  1.7

Action                   |  1- 3 |  4- 6 |  7- 9 | 10-12 || total
-------------------------+-------+-------+-------+-------++-------
Melee: Hand axe          |    22 |       |       |       ||    22
       Long sword        |       |    26 |    52 |    29 ||   107
 Cast: Magic Dart        |    96 |    87 |   188 |     7 ||   378
       Searing Ray       |     1 |     8 |    49 |     2 ||    60
       Iskenderun's Myst |       |       |     1 |     3 ||     4
  Use: Scroll            |       |     6 |     3 |       ||     9
       Potion            |       |       |     1 |       ||     1
 Stab: Sleeping          |       |     1 |       |       ||     1
Armor: Robe              |     4 |     6 |    23 |       ||    33
       Steam dragon scal |       |       |     4 |    21 ||    25
Dodge: Dodged            |    28 |    37 |   122 |    54 ||   241
Block: Kite shield       |       |       |    32 |    58 ||    90
